 Dungeon Crawl Stone Soup version 0.30.1-11-g7821555f0a (webtiles) character file.

Game seed: 2249493402964244326

70 SacredBeard the Vexing (level 4, -9/25 HPs)
             Began as a Deep Elf Hexslinger on Oct 30, 2023.
             Mangled by Sigmund
             ... wielding a +0 scythe
              (10 damage)
             ... on level 3 of the Dungeon.
             The game lasted 00:03:53 (1944 turns).

SacredBeard the Vexing (Deep Elf Hexslinger)        Turns: 1944, Time: 00:03:54

Health: -9/25      AC:  3    Str:  7    XL:     4   Next: 4%
Magic:  9/9        EV:  9    Int: 24    God:
Gold:   158        SH:  0    Dex: 17    Spells: 6/7 levels left

rFire   . . .        a - +1 sling
rCold   . . .        (no shield)
rNeg    . . .        l - +0 leather armour
rPois   +            (no helmet)
rElec   .            (no cloak)
rCorr   .            (no gloves)
SInv    +            (no boots)
Will    .....        (no amulet)
Stlth   +            i - +6 ring of intelligence
HPRegen 0.24/turn    p - ring of Kuhoam {Wiz rPois SInv}
MPRegen 0.11/turn

%: wizardry (x1)
@: grasped by roots, constricted
A: no striking features
a: no special abilities


You were on level 3 of the Dungeon.
You visited 1 branch of the dungeon, and saw 3 of its levels.

You collected 158 gold pieces.

Inventory:

Hand Weapons
 a - a +1 sling (weapon)
 h - a +0 dagger
Armour
 l - a +0 leather armour (worn)
 u - the +1 leather armour of the Present {MP+9 Dex-4 Stlth+}
   (You found it on level 3 of the Dungeon)

   Dex:       It affects your dexterity (-4).
   MP:        It affects your magic capacity (+9).
   Stlth:     It makes you more stealthy.
Jewellery
 i - a +6 ring of intelligence (left hand)
 p - the ring of Kuhoam (right hand) {Wiz rPois SInv}
   (You found it on level 2 of the Dungeon)

   [ring of wizardry]

   It improves your spell success rate.
   rPois:     It protects you from poison.
   SInv:      It lets you see invisible.
 t - a ring of resist corrosion
Scrolls
 b - a scroll of poison
 c - 2 scrolls of teleportation {unknown}
 d - a scroll of brand weapon {unknown}
 g - a scroll of fear {unknown}
 n - 3 scrolls of identify {unknown}
 r - a scroll of immolation {unknown}
 s - a scroll of vulnerability {unknown}
Potions
 e - a potion of cancellation {unknown}
 f - a potion of mutation {unknown}
 j - a potion of lignification {unknown}
 k - a potion of brilliance {unknown}
 m - 2 potions of attraction {unknown}
 o - a potion of degeneration {unknown}
 q - a potion of curing {unknown}


   Skills:
 - Level 1.0 Fighting
 * Level 4.1 Ranged Weapons
 - Level 1.0 Armour
 + Level 3.0 Dodging
 + Level 2.3 Spellcasting
 + Level 4.4 Hexes


You had 6 spell levels left.
You knew the following spells:

 Your Spells              Type           Power      Damage    Failure   Level
a - Slow                  Hex            96%        N/A       1%          1

Your spell library contained the following spells:

 Spells                   Type           Power      Damage    Failure   Level
 Inner Flame              Hex/Fire       13%        N/A       9%          3
 Portal Projectile        Hex/Tloc       26%        N/A       9%          3
 Cause Fear               Hex            12%        N/A       11%         4


Dungeon Overview and Level Annotations

Branches:
Dungeon (3/15) Zot: 16030

Altars:
Elyvilon
Fedhas
Gozag
Kikubaaqudgha
Sif Muna
Xom

Annotations:
D:3 3 runed translucent doors, Sigmund; VerbalBBQ's ghost, amateur FoFi


Message History

You feel less confused. Sigmund casts a spell at you.
The puff of flame hits you.
Found a dagger. 2 orcs come into view.
The orc shouts!
An orc comes into view. It is wielding a +0 short sword.
The orc moves out of view.
A rat comes into view.
Sigmund zaps a wand.
The roots erupt in riotous growth!
The grasping roots grab you!
The orc is unaffected.
The grasping roots constrict you.
The orc shouts!
You shoot a sling bullet. The sling bullet hits the orc.
The orc is heavily wounded.
The grasping roots constrict you. The orc barely misses you.
You shoot a sling bullet. The sling bullet hits the orc.
The orc is severely wounded.
The grasping roots constrict you. The orc hits you with a +0 short sword.
The orc hits you but does no damage. The orc barely misses you.
The orc hits you with a +0 club.
* * * LOW HITPOINT WARNING * * *
The grasping roots constrict you.
* * * LOW HITPOINT WARNING * * *
Unknown command.
Unknown command.
You are too injured to fight recklessly!
Unknown command.
You are too injured to fight recklessly!
Unknown command.
You are too injured to fight recklessly!
Unknown command.
You are too injured to fight recklessly!
Unknown command.
You are too injured to fight recklessly!
Unknown command.
Unknown command.
The orc closely misses you.
Sigmund hits you from afar with a +0 scythe!
You die...

#.#@####### #.#.....#
#.#####.# #.# #.# #.#
#.# # #.#####.# #.#
#...).#@# ..
#####.#o#.####.
#...#.#@or.....
##..#.#o#######
#.(.#.#). #...#.######
#....>.......
############...#######
....................
###.#####....#######
#.# ####.#


You could see Sigmund, 3 orcs and a rat.

Vanquished Creatures
  An adder (D:2)
  4 dart slugs
  An orc (D:3)
  5 endoplasms
  2 giant cockroaches (D:2)
  2 goblins
  6 hobgoblins
  7 jackals
  2 kobolds
  A quokka (D:1)
  6 ball pythons
  5 bats
  2 frilled lizards
  2 rats (D:1)
46 creatures vanquished.

Notes
Turn   | Place    | Note
-------+----------+-------------------------------------------
     0 | D:1      | SacredBeard the Deep Elf Hexslinger began the quest for the
                  | Orb.
     0 | D:1      | Reached XP level 1. HP: 11/11 MP: 5/5
   175 | D:1      | Reached XP level 2. HP: 9/16 MP: 6/6
   294 | D:1      | Reached skill level 1 in Fighting
   717 | D:2      | Reached XP level 3. HP: 13/20 MP: 8/8
  1443 | D:2      | Identified the ring of Kuhoam {Wiz rPois SInv}
  1508 | D:3      | Found a runed translucent gate.
  1508 | D:3      | Found a runed translucent gate.
  1508 | D:3      | Found a runed translucent gate.
  1670 | D:3      | Reached XP level 4. HP: 25/25 MP: 9/9
  1712 | D:3      | Noticed VerbalBBQ's ghost (amateur FoFi)
  1733 | D:3      | Found a shimmering blue altar of Sif Muna.
  1733 | D:3      | Found a white marble altar of Elyvilon.
  1733 | D:3      | Found an opulent altar of Gozag.
  1733 | D:3      | Found an ancient bone altar of Kikubaaqudgha.
  1741 | D:3      | Found a blossoming altar of Fedhas.
  1741 | D:3      | Found a shimmering altar of Xom.
  1900 | D:3      | Identified the +1 leather armour of the Present {MP+9 Dex-4
                  | Stlth+}
  1909 | D:3      | Reached skill level 1 in Armour
  1925 | D:3      | Noticed Sigmund
  1943 | D:3      | HP: 1/25 [constriction (5)]
  1944 | D:3      | Mangled by Sigmund

Illustrated notes

Levels and vault maps discovered:
D:1:      dpeg_arrival_another_circle, layout_basic
D:2:      layout_basic
D:3:      cheibrodos_fertilizer, layout_basic, minmay_overflow_temple_hex,
          gammafunk_ghost_icy, minmay_misc_feat_secret_circle, uniq_sigmund

Skill      XL: |  1  2  3  4 |
---------------+-------------+-----
Ranged Weapons | 3 4 |  4.1
Fighting       | 1 |  1.0
Spellcasting   | 2 |  2.3
Dodging        | 3 |  3.0
Armour         | 1 |  1.0
Hexes          | |  4.4

Action                     |  1- 3 |  4- 6 || total
---------------------------+-------+-------++-------
  Melee: Dagger            |    25 |       ||    25
   Fire: Sling             |   106 |     3 ||   109
 Armour: Robe              |     3 |       ||     3
         Leather armour    |     6 |     1 ||     7
  Dodge: Dodged            |    40 |     3 ||    43
